 Dungeon Crawl Stone Soup version 0.29-a0-1009-g60c99734e7 (webtiles) character file.

Game seed: 1776132713574129046

224 flotson the Sneak (level 5, 0/42 HPs)
             Began as a Demonspawn Delver on Aug 8, 2022.
             Slain by a quokka (4 damage)
             ... on level 3 of the Dungeon.
             The game lasted 00:06:58 (3719 turns).

flotson the Sneak (Demonspawn Delver)               Turns: 3719, Time: 00:07:02

Health: 0/42       AC:  7    Str: 14    XL:     5   Next: 67%
Magic:  5/5        EV: 10    Int: 12    God:
Gold:   96         SH:  0    Dex: 14    Spells: 4/4 levels left

rFire   . . .      SeeInvis .   a - +0 spear
rCold   . . .      Faith    .   (no shield)
rNeg    . . .      Spirit   .   p - +0 scale mail
rPois   .          Reflect  .   (no helmet)
rElec   .          Harm     .   l - +0 cloak
rCorr   .          Rampage  .   (no gloves)
Will    .....                   (no boots)
Stlth   +.........              (no amulet)
HPRegen 0.14/turn               (no ring)
MPRegen 0.09/turn               (no ring)

@: lethally poisoned (0 -> -13)
A: demonic guardian 1
a: no special abilities


You were on level 3 of the Dungeon.
You visited 1 branch of the dungeon, and saw 5 of its levels.

You collected 96 gold pieces.

Inventory:

Hand Weapons
 a - a +0 spear (weapon)
Missiles
 i - 7 silver javelins (quivered)
 j - 2 throwing nets
Armour
 l - a +0 cloak (worn)
 p - a +0 scale mail (worn)
Wands
 g - a wand of digging (3)
Scrolls
 b - 4 scrolls of identify {unknown}
 c - a scroll of fog
 d - a scroll of magic mapping
 e - 2 scrolls of fear
 k - 3 scrolls of teleportation {unknown}
 o - a scroll of butterflies {unknown}
 q - a scroll of enchant weapon {unknown}
 r - a scroll of enchant armour {unknown}
 s - a scroll of poison {unknown}
Potions
 f - a potion of flight {unknown}
 h - 3 potions of curing
 m - a potion of cancellation {unknown}
 n - 4 potions of heal wounds {unknown}


   Skills:
 + Level 4.0 Fighting
 - Level 1.7 Polearms
 + Level 0.7 Throwing
 + Level 2.2 Armour
 + Level 3.1 Dodging
 - Level 4.5 Stealth
 + Level 2.4 Evocations


You had 4 spell levels left.
You didn't know any spells.
Your spell library contained the following spells:

 Spells                   Type           Power      Damage    Failure   Level
 Gell's Gravitas          Tloc           0%         N/A       99%         3
 Teleport Other           Tloc           0%         N/A       99%         3
 Dispersal                Tloc           0%         N/A       100%        6


Dungeon Overview and Level Annotations

Branches:
Dungeon (5/15)
 Temple: D:4-7

Altars:
Ashenzari
Xom

Annotations:
D:3 gdog's ghost, amateur GnDe


Innate Abilities, Weirdness & Mutations

A weak demonic guardian rushes to your aid.


Message History

Gdog's ghost whispers, "Death is liberation."
Partly explored, unvisited transporter.
Partly explored, unvisited transporter.
Search for what [Enter for "faith", or ? for help]? trans For a moment, you lose track of gdog's ghost.
Gdog's ghost whispers something so quietly that you cannot hear it.
There is a transporter here.
You enter the transporter and appear at another place.
The goblin unwields a +0 dagger.
The goblin wields a +0 sling.
The goblin shoots a sling bullet.
The sling bullet closely misses you.
The gnoll bouda gazes fiercely through you!
You feel your attacks grow feeble. The gnoll bouda closely misses you.
Gdog's ghost hits you.
There is a transporter here.
You enter the transporter and appear at another place.
The goblin unwields a +0 sling.
The goblin wields a +0 dagger.
The goblin hits you but does no damage.
The quokka bites you but does no damage.
Gdog's ghost hits you but does no damage.
The quokka bites you.
The goblin unwields a +0 dagger.
The goblin wields a +0 sling.
The goblin shoots a sling bullet.
The sling bullet barely misses you. Gdog's ghost hits you!
The quokka bites you but does no damage.
Your attacks no longer feel as feeble.
The quokka bites you but does no damage.
Gdog's ghost attacks as you move away! Gdog's ghost hits you.
You are poisoned.
You feel very sick. The quokka attacks as you move away!
The quokka bites you but does no damage.
You feel sick.
It was a potion of curing.
You feel better. The quokka closely misses you.
Gdog's ghost closely misses you. Gdog's ghost attacks as you move away!
Gdog's ghost hits you!
* * * LOW HITPOINT WARNING * * *
You are lethally poisoned!
* * * LOW HITPOINT WARNING * * *
You feel very sick. The quokka bites you.
You die...

.# #######.# .# #.# .# #.# ## #.#
# #.# # ##############.#
###..............#
##...............##
.#...#########..@.##
.#..##.......##.rW.#
.#..#8.......8#g...#
.#..#.........#....#
.#..#.?.......#...##
...©#....©....#©..#
>...#........$#..## #######
....#.g...[...#..##### ##≈≈≈≈≈#
.#..#8...g...8#......#####≈≈...≈≈


You could see gdog's ghost, a quokka and a goblin.

Vanquished Creatures
  An orc wizard (D:3)
  A gnoll (D:4)
  4 adders
  A worm (D:2)
  A dart slug (D:2)
  2 orcs (D:3)
  6 bats
  4 endoplasms
  5 giant cockroaches
  5 goblins
  3 hobgoblins
  5 jackals
  11 ball pythons
  4 frilled lizards
  A kobold (D:2)
  3 rats
57 creatures vanquished.

Vanquished Creatures (collateral kills)
  A scorpion (D:3)
  2 gnolls (D:4)
  A worm (D:3)
  3 orcs
  A giant cockroach (D:3)
  A goblin (D:3)
  A kobold (D:3)
10 creatures vanquished.

Vanquished Creatures (others)
  A worm (D:3)
  An endoplasm (D:4)
2 creatures vanquished.

Grand Total: 69 creatures vanquished

Notes
Turn   | Place    | Note
-------+----------+-------------------------------------------
     0 | D:5      | flotson the Demonspawn Delver began the quest for the Orb.
     0 | D:5      | Reached XP level 1. HP: 18/18 MP: 1/1
     7 | D:5      | Noticed an iguana
    30 | D:4      | Gained mutation: A weak demonic guardian rushes to your
                  | aid. [demonic ancestry]
    30 | D:4      | Reached XP level 2. HP: 22/24 MP: 2/2
    39 | D:4      | Reached skill level 1 in Evocations
    52 | D:4      | Reached skill level 1 in Armour
    52 | D:4      | Reached XP level 3. HP: 6/29 MP: 3/3
   367 | D:3      | Noticed gdog's ghost (amateur GnDe)
   367 | D:3      | Found a transporter.
   367 | D:3      | Found a transporter.
  1047 | D:2      | Reached XP level 4. HP: 25/35 MP: 4/4
  1489 | D:1      | Found a faded altar of an unknown god.
  2055 | D:2      | Found a shimmering altar of Xom.
  2763 | D:3      | Found a broken altar of Ashenzari.
  3045 | D:3      | Reached XP level 5. HP: 40/42 MP: 5/5
  3072 | D:3      | Found a shimmering altar of Xom.
  3719 | D:3      | Slain by a quokka

Illustrated notes

Levels and vault maps discovered:
D:1:      dpeg_arrival_fog, layout_loops_ring,
          hellmonk_ecumenical_altar_inner_sanctum, hangedman_decor_points
D:2:      layout_loops_ring, basic_altar, minmay_unequal
D:3:      layout_loops_cross, xom_confusion_cloud, lemuel_round_altar,
          gammafunk_ghost_arena
D:4:      layout_basic, lemuel_flame_loot_1, uniq_grinder
D:5:      layout_layer_cave, ebering_ghost_rock_garden

Skill      XL: |  1  2  3  4  5 |
---------------+----------------+-----
Dodging        | 2 3 |  3.1
Evocations     | 1 2 |  2.4
Armour         | 1 2 |  2.2
Fighting       | 4 |  4.0
Polearms       | |  1.7
Throwing       | |  0.7
Stealth        | |  4.5

Action                   |  1- 3 |  4- 6 || total
-------------------------+-------+-------++-------
Melee: Spear             |    47 |   280 ||   327
       Punch             |       |     3 ||     3
  Use: Potion            |     1 |     1 ||     2
 Stab: Sleeping          |     2 |     5 ||     7
       Distracted        |       |     1 ||     1
Armor: Leather armour    |     7 |     9 ||    16
       Scale mail        |       |   105 ||   105
Dodge: Dodged            |    15 |   154 ||   169

Table legend: (Time is in decaauts)
 A = Elapsed time spent in this place.
 B = Non-inter-level travel time spent in this place.
 C = Inter-level travel time spent in this place.
 D = Time resting spent in this place.
 E = Time spent auto-exploring this place.
 F = Levels seen in this place.
 G = Mean time per level.
                   A        B        C        D        E       F      G
               +--------+--------+--------+--------+--------+-----+--------+
         Total |   3703 |   3615 |     88 |     94 |   2848 |   5 |  740.6 |
       Dungeon |   3703 |   3615 |     88 |     94 |   2848 |   5 |  740.6 |
               +--------+--------+--------+--------+--------+-----+--------+

Top non-repeatable levels by time:
     D:3: 1519 daAuts
     D:2: 897 daAuts
     D:1: 636 daAuts
     D:4: 631 daAuts
     D:5: 18 daAuts
